 Dungeon Crawl Stone Soup version 0.30-a0-381-g6ea064c7b4 (webtiles) character file.

Game seed: 13228633317453707082

40508 NinjaNoafa the Nimble (level 13, -6/63 HPs)
             Began as a Felid Summoner on Nov 30, 2022.
             Was an Initiate of Gozag.
             Succumbed to a swamp dragon's poison gas
             ... on level 1 of the Swamp on Dec 1, 2022.
             The game lasted 01:32:48 (33949 turns).

NinjaNoafa the Nimble (Felid Summoner)             Turns: 33949, Time: 01:32:48

Health: -6/63      AC:  3    Str:  4    XL:     13   Next: 75%
Magic:  4/31       EV: 33    Int: 21    God:    Gozag
Gold:   2336       SH:  0    Dex: 25    Spells: 3/38 levels left
                                        Lives:  0   Deaths: 2

rFire   . . .      SeeInvis +    (weapon unavailable)
rCold   + . .      Faith    .    (shield unavailable)
rNeg    . . .      Spirit   .    (body armour unavailable)
rPois   .          Reflect  .    (helmet unavailable)
rElec   .          Harm     .    (cloak unavailable)
rCorr   .          Rampage  .    (gloves unavailable)
Will    ++...                    (boots unavailable)
Stlth   ++++......               M - amulet of regeneration
HPRegen 1.90/turn                y - +6 ring of dexterity
MPRegen 0.22/turn                l - ring of wizardry

@: lethally poisoned (-6 -> -40), gold aura, quick
A: very small, claws 1, fangs 3, see invisible, speed 1, shaggy fur 3, stealthy
paws, no weapons or thrown items, no armour, multi-lived, thin skeletal
structure 1, strong-willed 1, regeneration 1, screaming 1, MP-powered wands
a: Renounce Religion, Potion Petition, Call Merchant, Bribe Branch


You were on level 1 of the Swamp.
You worshipped Gozag.
Gozag was most pleased with you.
You visited 6 branches of the dungeon, and saw 24 of its levels.

You collected 6918 gold pieces.
You spent 4046 gold pieces at shops.
You paid 536 gold pieces to Gozag.

Inventory:

Jewellery
 k - a ring of ice
 l - a ring of wizardry (right paw)
 y - a +6 ring of dexterity (left paw)
 L - a ring of resist corrosion
 M - an amulet of regeneration (around neck)
 O - a ring of poison resistance
Wands
 t - a wand of roots (9)
 D - a wand of flame (6)
 E - a wand of polymorph (8)
 F - a wand of mindburst (12)
 G - a wand of digging (13)
 I - a wand of light (5)
 N - a wand of charming (3)
Scrolls
 d - 2 scrolls of amnesia
 e - 2 scrolls of vulnerability
 f - 2 scrolls of fear
 h - 3 scrolls of fog
 i - 6 scrolls of poison
 m - 3 scrolls of immolation
 o - 10 scrolls of teleportation
 u - a scroll of noise
 B - 3 scrolls of magic mapping
 C - 3 scrolls of summoning
 P - a scroll of torment
 S - a scroll of silence
Potions
 a - 2 potions of magic
 b - 2 potions of flight
 c - 7 potions of degeneration
 g - 11 potions of curing
 j - a potion of haste
 n - 4 potions of invisibility
 p - 5 potions of attraction
 q - 2 potions of mutation
 r - 3 potions of brilliance
 v - 3 potions of resistance
 w - 3 potions of berserk rage
 x - 3 potions of might
 A - 4 potions of lignification
 J - a potion of ambrosia
 K - 2 potions of cancellation
 R - 2 potions of heal wounds
Miscellaneous
 s - a condenser vane
 H - a box of beasts
 Q - a phantom mirror


   Skills:
 - Level 11.0 Fighting
 - Level 14.2 Dodging
 - Level 2.6 Stealth
 + Level 13.3 Spellcasting
 - Level 10.0 Hexes
 - Level 13.6 Summonings
 - Level 11.8 Translocations
 - Level 7.0 Air Magic


You had 3 spell levels left.
You knew the following spells:

 Your Spells              Type           Power      Damage    Failure   Level
a - Malign Gateway        Summ/Tloc      30%        N/A       9%          7
b - Call Imp              Summ           64%        N/A       1%          2
c - Call Canine Familiar  Summ           64%        N/A       1%          3
d - Summon Guardian Gole  Hex/Summ       59%        N/A       1%          3
e - Summon Lightning Spi  Summ/Air       55%        N/A       1%          4
f - Summon Mana Viper     Hex/Summ       59%        N/A       1%          5
g - Summon Forest         Summ/Tloc      30%        N/A       1%          5
h - Summon Cactus Giant   Summ           32%        N/A       1%          6

Your spell library contained the following spells:

 Spells                   Type           Power      Damage    Failure   Level
 Summon Small Mammal      Summ           100%       N/A       0%          1
 Beastly Appendage        Tmut           26%        N/A       1%          1
 Freeze                   Ice            52%        1d6       1%          1
 Kiss of Death            Conj/Necr      52%        2d9       1%          1
 Magic Dart               Conj           52%        1d5       1%          1
 Slow                     Hex            100%       N/A       1%          1
 Ensorcelled Hibernation  Hex/Ice        68%        N/A       1%          2
 Confusing Touch          Hex            54%        N/A       1%          3
 Gell's Gravitas          Tloc           59%        N/A       1%          3
 Kindle Blastsparks       Fire/Tloc/Air  80%        2d16      1%          3
 Lesser Beckoning         Tloc           100%       N/A       1%          3
 Teleport Other           Tloc           59%        N/A       1%          3
 Searing Ray              Conj           26%        2d5       2%          2
 Sublimation of Blood     Necr           13%        N/A       2%          2
 Wereblood                Tmut           13%        N/A       2%          2
 Frozen Ramparts          Ice            26%        1d4       6%          3
 Hailstorm                Conj/Ice       13%        3d5       6%          3
 Spider Form              Tmut/Pois      13%        N/A       6%          3
 Stone Arrow              Conj/Erth      26%        3d8       6%          3
 Vampiric Draining        Necr           13%        2d6       6%          3
 Iskenderun's Mystic Bla  Conj/Tloc      38%        2d9       1%          4
 Anguish                  Hex/Necr       17%        N/A       2%          4
 Fulminant Prism          Conj/Hex       17%        3d10      2%          4
 Dispel Undead            Necr           13%        3d9       19%         4
 Ice Form                 Ice/Tmut       13%        N/A       19%         4
 Petrify                  Tmut/Erth      13%        N/A       19%         4
 Summon Horrible Things   Summ           32%        N/A       38%         8
 Irradiate                Conj/Tmut      6%         3d13      45%         5
 Lee's Rapid Deconstruct  Erth           6%         3d6*      45%         5
 Borgnjor's Revivificati  Necr           6%         N/A       100%        8
 Lehudib's Crystal Spear  Conj/Erth      6%         10d3      100%        8
 Necromutation            Tmut/Necr      6%         N/A       100%        8
 Death's Door             Necr           6%         N/A       100%        9
 Animate Armour           Summ/Erth      Unusable   N/A       N/A         4
 Simulacrum               Ice/Necr       Unusable   N/A       N/A         6

Dungeon Overview and Level Annotations

Branches:
Dungeon (14/15)            Temple (1/1) D:4            Lair (5/5) D:11
  Swamp (1/4) Lair:3       Spider (0/4) Lair:2        Slime (0/5) Lair:5
    Orc (2/2) D:12            Elf (1/3) Orc:2
 Vaults: D:13-14

Altars:
Ashenzari
Cheibriados
Dithmenos
Elyvilon
Fedhas
Gozag
Hepliaklqana
Kikubaaqudgha
Makhleb
Nemelex Xobeh
Okawaru
Qazlal
Ru
Sif Muna
Trog
Uskayaw
Vehumet
Wu Jian
Xom
Yredelemnul
Zin
The Shining One
Jiyva

Shops:
D:1 :   D:3 (   D:4 ?   D:5 *   D:6 [?[[!   D:14 *   Orc:1 *   Orc:2 [!?(
Lair:5 :


Innate Abilities, Weirdness & Mutations

You have sharp claws.
You have razor-sharp teeth.
You have supernaturally acute eyesight. (SInv)
You cover ground quickly. (Speed+)
Your thick and shaggy fur keeps you warm. (AC +3, rC+)
Your paws help you pounce on unaware monsters.
You are incapable of wielding weapons or throwing items.
You cannot wear armour.
You gain extra lives every three experience levels.
You have a somewhat thin skeletal structure. (Dex +2, Stealth+)
You are strong-willed. (Will+)
Your natural rate of healing is unusually fast.
You occasionally shout uncontrollably at your foes.
You expend magic power (3 MP) to strengthen your wands.


Message History

You are engulfed in poison gas.
You are poisoned.
You feel very sick.
You feel very sick.
Your mana viper splashes around in the water.
You feel very sick.
Your mana viper bites the swamp dragon but does no damage.
Your mana viper barely misses the swamp dragon.
You feel very sick.
Your mana viper bites the swamp dragon.
You feel sick.
You feel sick.
The swamp dragon breathes poison at you.
The blast of poison engulfs you!
You are more poisoned.
Your mana viper bites the swamp dragon!!
You enter the shallow water.
Moving in this stuff is going to be slow.
You are engulfed in poison gas.
You are more poisoned.
You feel very sick.
You feel extremely sick.
You feel very sick.
Your mana viper bites the eight-headed hydra!
The eight-headed hydra dies!
You feel very sick.
The swamp dragon breathes poison at you.
The blast of poison misses you.
There is a stone staircase leading down here.
You are engulfed in poison gas.
You are more poisoned.
You feel very sick.
Your mana viper bites the swamp dragon!
You are engulfed in poison gas.
You are lethally poisoned!
* * * LOW HITPOINT WARNING * * *
x2 You feel extremely sick.
There is a staircase back to the Lair here.
You are engulfed in poison gas.
You are more poisoned.
* * * LOW HITPOINT WARNING * * *
You die...
Your body crumbles into a pile of gold.

♣♣♣♣♣ ♣♣♣♣♣ ♣♣...♣♣♣♣~..♣♣
♣♣ ♣♣.~~~.♣§♣~~~.♣♣
.♣♣♣♣♣♣~.~~~.~...~~~.♣♣
~.♣.......~♣♣~........♣♣
~...~§~[♣♣♣♣~..~...~...♣
~~~~~§~§♣♣~..~~....~..♣♣
~~~~......~..~~~.♣♣♣...♣♣
§~~~(~~......♣..@○~.~~~.♣♣
.~~..~~~......~§.☼°○○~~..♣
..........~~..~~☼○°~°.~§.♣
.~..~♣♣~~♣.~~~~~~☼D§♣♣...♣♣
~§....♣~.♣~~§~~~~~.☼♣♣♣~~.♣♣
~~....♣♣♣~..~~~~~~§S♣§☼.(..♣
~~~~..♣ ♣♣~§♣.~~~..♣$○~§..~♣
~~~~.♣♣♣♣..♣♣~§~~~...~~~~.♣♣
~~~♣♣♣ ♣~.~..~~~~~○.°......♣


You could see a swamp dragon (ally target) and a friendly mana viper (summoned).

Vanquished Creatures
  3 ball pythons
  A bat (D:2)
4 creatures vanquished.

Vanquished Creatures (collateral kills)
  Gastronok (D:10)
  Josephine (D:12)
  A rakshasa (D:14)
  Harold (D:10)
  9 hydras
  An alligator (Swamp:1)
  2 catoblepae
  The ghost of p00ps00p the Cleaver, a novice HOFi of Gozag (D:10)
  The ghost of lokiplouj the Fighter, a novice MiFi of the Shining One (D:10)
  2 centaur warriors
  The ghost of Twinkles the Covert, a journeyman KoBr of Wu Jian (D:10)
  3 two-headed ogres
  The ghost of AigisTheKnight the Zephyrmancer, a journeyman TeSu of Elyvilon (D:10)
  4 boulder beetles
  A deep troll shaman (Lair:5)
  9 death yaks
  3 orc high priests (Orc:2)
  Sonja (D:10)
  2 skeletal warriors (D:14)
  Amaemon (Lair:1)
  Lodul (D:13)
  2 swamp dragons (Swamp:1)
  A lindwurm (Lair:5)
  An orb spider (Lair:2)
  3 deep elf pyromancers
  5 orc knights
  2 deep elf zephyrmancers
  A wolf spider (Orc:1)
  5 orc sorcerers (Orc:2)
  2 cyclopes
  A manticore (D:13)
  16 elephants
  7 cane toads
  4 black mambas
  A gargoyle (D:11)
  An orange demon (Lair:1)
  6 komodo dragons
  A yaktaur (D:13)
  Maggie (D:6)
  A rime drake (Lair:4)
  5 trolls
  2 tyrant leeches
  3 meliai (D:13)
  3 polar bears
  A hornet (D:9)
  2 tarantellas (Orc:1)
  4 blink frogs (Lair:2)
  7 slime creatures
  2 shadows (D:11)
  A water elemental (D:11)
  Sigmund (D:3)
  36 yaks
  4 wraiths (D:12)
  4 wyverns
  A fire elemental (D:13)
  A hog (shapeshifter) (D:14)
  3 basilisks
  Grum (D:10)
  A steam dragon (D:9)
  A redback (Orc:1)
  5 vampire mosquitoes
  Edmund (D:4)
  9 water moccasins
  An acid dragon (D:10)
  2 wargs (D:11)
  2 swamp worms
  23 orc warriors
  2 nameless horrors
  A black bear (Lair:5)
  2 ice beasts
  4 sky beasts
  3 centaurs
  A swamp drake (Swamp:1)
  21 wolves
  14 ogres
  A kobold brigand (D:10)
  14 bullfrogs
  A gnoll sergeant (D:12)
  5 necrophages
  5 scorpions
  21 killer bees
  An electric eel (D:11)
  2 howler monkeys
  3 jellies
  2 hounds (D:4)
  16 orc priests
  Ijyb (D:3)
  5 iguanas
  27 orc wizards
  4 gnolls (D:12)
  5 adders
  A shadow imp (D:8)
  A white imp (D:6)
  2 ufetubi
  A worm (D:4)
  A dart slug (D:1)
  109 orcs
  5 bats
  7 endoplasms
  4 giant cockroaches
  8 goblins
  2 hobgoblins
  3 jackals (D:1)
  7 kobolds
  3 quokkas
  7 ball pythons
  6 frilled lizards
  3 rats
  A butterfly (Lair:3)
566 creatures vanquished.

Vanquished Creatures (others)
  2 eldritch tentacles
  Fannar (D:10)
  A hydra (Lair:4)
  A two-headed ogre (D:10)
  A centaur warrior (D:13)
  5 death yaks
  A cane toad (Lair:2)
  A troll (D:11)
  A bloated husk (Swamp:1)
  A slime creature (D:13)
  A wraith (D:10)
  A wyvern (D:10)
  5 yaks
  A steam dragon (D:8)
  A swamp worm (Lair:3)
  2 vampire mosquitoes (D:10)
  An orc warrior (D:8)
  3 wolves
  A scorpion (D:4)
  A killer bee (D:10)
  An orc (D:9)
  40 fungi
  62 plants
  8 snaplasher vines
143 creatures vanquished.

Grand Total: 713 creatures vanquished

Notes
Turn   | Place    | Note
-------+----------+-------------------------------------------
     0 | D:1      | NinjaNoafa the Felid Summoner began the quest for the Orb.
     0 | D:1      | Reached XP level 1. HP: 7/7 MP: 4/4
   213 | D:1      | Reached XP level 2. HP: 11/11 MP: 4/6
   410 | D:1      | Found Axia's Book Shop.
   674 | D:1      | Learned a level 2 spell: Call Imp
  1340 | D:2      | Reached XP level 3. HP: 14/14 MP: 5/8
  1347 | D:2      | Learned a level 3 spell: Call Canine Familiar
  1491 | D:2      | Found the +2 hood of the Assassin {Detection Stab+ Stlth++}
  2662 | D:3      | Noticed Sigmund
  2672 | D:3      | Killed Sigmund
  2673 | D:3      | Reached skill level 5 in Summonings
  2673 | D:3      | Reached XP level 4. HP: 18/18 MP: 2/11
  2673 | D:3      | Reached XP level 5. HP: 21/21 MP: 2/12
  2754 | D:3      | Noticed Ijyb
  2998 | D:3      | Killed Ijyb
  3102 | D:3      | Found Vediarou's Antique Weapon Shop.
  3615 | D:4      | Found Gaymilu's Magic Scroll Emporium.
  3616 | D:4      | Noticed an ogre
  3633 | D:4      | Killed an ogre
  3634 | D:4      | Gained mutation: You are covered in thick fur. (AC +2)
                  | [Felid growth]
  3634 | D:4      | Reached XP level 6. HP: 24/24 MP: 5/13
  3651 | D:3      | Learned a level 3 spell: Summon Guardian Golem
  3735 | D:4      | Reached skill level 1 in Hexes
  3865 | D:4      | Bought a scroll of identify for 28 gold pieces
  3865 | D:4      | Bought a scroll of noise for 14 gold pieces
  4066 | D:4      | Noticed Edmund
  4110 | D:4      | Killed Edmund
  4111 | D:4      | Reached skill level 5 in Spellcasting
  4111 | D:4      | Reached XP level 7. HP: 27/27 MP: 8/15
  5336 | D:4      | Found a staircase to the Ecumenical Temple.
  5374 | Temple   | Entered the Ecumenical Temple
  5562 | Temple   | Became a worshipper of Gozag Ym Sagoz the Greedy
  5639 | D:5      | Entered Level 5 of the Dungeon
  5829 | D:5      | Found a stormy altar of Qazlal.
  5846 | D:5      | Found Zanockeq's General Store.
  5985 | D:5      | Reached skill level 5 in Hexes
  5985 | D:5      | Reached XP level 8. HP: 31/31 MP: 10/17
  6305 | D:5      | Reached skill level 3 in Dodging
  6440 | D:5      | Reached skill level 1 in Fighting
  7182 | D:6      | Found Akimupee's Magic Scroll Emporium.
  7268 | D:6      | Reached skill level 4 in Dodging
  7286 | D:6      | Bought a scroll of identify for 22 gold pieces
  7329 | D:6      | Found Loug's Antique Armour Shoppe.
  7405 | D:6      | Found Zots's Armour Shop.
  7692 | D:6      | Noticed Maggie
  7738 | D:6      | Killed Maggie
  7739 | D:6      | Reached skill level 5 in Dodging
  7739 | D:6      | Reached XP level 9. HP: 37/37 MP: 15/20
  7794 | D:6      | Found Ogiez's Distillery.
  7801 | D:6      | Bought a potion of brilliance for 40 gold pieces
  7971 | D:6      | Found Uxkar's Antique Armour Emporium.
  8452 | D:7      | Learned a level 4 spell: Summon Lightning Spire
  8864 | D:7      | Reached skill level 1 in Air Magic
 10141 | D:6      | Bought a scroll of acquirement for 572 gold pieces
 10141 | D:6      | Bought a scroll of magic mapping for 82 gold pieces
 10141 | D:6      | Bought a scroll of identify for 22 gold pieces
 10434 | D:8      | Acquired a book of the Wilderness
 10652 | D:8      | Reached skill level 1 in Translocations
 10767 | D:8      | Reached skill level 6 in Dodging
 10783 | D:8      | Reached XP level 10. HP: 42/42 MP: 10/22
 10971 | D:8      | Noticed a two-headed ogre
 10992 | D:8      | Killed a two-headed ogre
 11108 | D:8      | Learned a level 5 spell: Summon Mana Viper
 11419 | D:6      | Bought a scroll of identify for 22 gold pieces
 11709 | D:9      | Upgraded the game from 0.30-a0-377-g5cb311bc9f to
                  | 0.30-a0-381-g6ea064c7b4
 12103 | D:9      | Noticed a centaur warrior
 12116 | D:9      | Killed a centaur warrior
 12245 | D:9      | Reached skill level 7 in Dodging
 12283 | D:9      | Reached skill level 10 in Summonings
 12283 | D:9      | Reached skill level 5 in Translocations
 12482 | D:9      | Learned a level 5 spell: Summon Forest
 13615 | D:10     | Entered Level 10 of the Dungeon
 13624 | D:10     | Noticed Gastronok
 13655 | D:10     | Killed Gastronok
 13656 | D:10     | Reached skill level 5 in Fighting
 13656 | D:10     | Reached XP level 11. HP: 43/47 MP: 7/24
 13876 | D:10     | Reached skill level 5 in Air Magic
 13914 | D:10     | Noticed Fannar
 13915 | D:10     | Noticed a two-headed ogre
 14024 | D:10     | Noticed Harold
 14040 | D:10     | Killed Harold
 14299 | D:10     | Killed a two-headed ogre
 14654 | D:10     | Noticed Grum
 14694 | D:10     | Killed Grum
 14840 | D:10     | Found a hide-covered altar of Uskayaw.
 15078 | D:10     | Found a runed translucent gate.
 15078 | D:10     | Found a runed translucent gate.
 15111 | D:10     | Noticed Sonja
 15129 | D:10     | Killed Fannar
 15132 | D:10     | Killed Sonja
 15168 | D:10     | Noticed a two-headed ogre
 15181 | D:10     | Found a runed translucent gate.
 15182 | D:10     | Noticed AigisTheKnight's ghost (journeyman TeSu)
 15182 | D:10     | Noticed p00ps00p's ghost (novice HOFi)
 15188 | D:10     | Noticed Twinkles's ghost (journeyman KoBr)
 15188 | D:10     | Noticed lokiplouj's ghost (novice MiFi)
 15197 | D:10     | Killed a two-headed ogre
 15553 | D:11     | Reached skill level 10 in Hexes
 15656 | D:11     | Found a staircase to the Lair.
 15831 | Lair:1   | Entered Level 1 of the Lair of Beasts
 16099 | Lair:1   | Gained mutation: Your thick and shaggy fur keeps you warm.
                  | (AC +3, rC+) [Felid growth]
 16099 | Lair:1   | Reached XP level 12. HP: 51/51 MP: 15/26
 16162 | Lair:1   | Noticed Amaemon
 16207 | Lair:1   | Killed Amaemon
 16411 | Lair:1   | Noticed a death yak
 16412 | Lair:1   | Noticed a death yak
 16415 | Lair:1   | Noticed a death yak
 16424 | Lair:1   | Noticed a death yak
 16427 | Lair:1   | Killed a death yak
 16429 | Lair:1   | Killed a death yak
 16430 | Lair:1   | Reached skill level 10 in Spellcasting
 16430 | Lair:1   | Reached skill level 10 in Translocations
 16438 | Lair:1   | Killed a death yak
 16446 | Lair:1   | Killed a death yak
 16447 | Lair:1   | Reached skill level 8 in Dodging
 17270 | Lair:1   | Learned a level 6 spell: Summon Cactus Giant
 17924 | Lair:2   | Reached skill level 9 in Dodging
 18291 | Lair:2   | Found a hole to the Spider Nest.
 18600 | Lair:2   | Noticed a four-headed hydra
 18614 | Lair:2   | Killed a four-headed hydra
 19020 | Lair:2   | Reached skill level 10 in Dodging
 19367 | Lair:3   | Noticed a six-headed hydra
 19374 | Lair:3   | Killed a six-headed hydra
 19553 | Lair:3   | Noticed a catoblepas
 19556 | Lair:3   | Reached XP level 13. HP: 58/58 MP: 15/28
 20044 | Lair:3   | Reached skill level 11 in Dodging
 20841 | Lair:3   | Found a staircase to the Swamp.
 21503 | Lair:4   | Identified the +4 scale mail "Umpoaf" {rPois rC+}
 21794 | Lair:4   | Learned a level 1 spell: Slow
 22142 | Lair:5   | Entered Level 5 of the Lair of Beasts
 23552 | Lair:5   | Reached skill level 12 in Dodging
 24130 | Lair:5   | Reached XP level 14. HP: 58/64 MP: 16/30
 24564 | Lair:5   | Killed from afar by a lindwurm
 24565 | Lair:5   | Reached XP level 13. HP: 0/61 MP: 24/29
 25017 | Lair:5   | Found a viscous altar of Jiyva.
 25017 | Lair:5   | Found a staircase to the Slime Pits.
 25070 | Lair:5   | Reached skill level 13 in Dodging
 25643 | Lair:5   | Bought a Grand Grimoire for 578 gold pieces
 25876 | D:10     | Killed Twinkles's ghost
 25877 | D:10     | Reached skill level 10 in Fighting
 25882 | D:10     | Killed AigisTheKnight's ghost
 25884 | D:10     | Killed p00ps00p's ghost
 25886 | D:10     | Killed lokiplouj's ghost
 26788 | D:12     | Noticed Josephine
 26796 | D:12     | Killed Josephine
 27828 | D:12     | Found a staircase to the Orcish Mines.
 27856 | Orc:1    | Entered Level 1 of the Orcish Mines
 28144 | Orc:1    | Found Wokeq's Assorted Antiques.
 28242 | Orc:1    | Bought a cabochon ring for 160 gold pieces
 28242 | Orc:1    | Bought a scroll labelled PEIJAV MOU for 32 gold pieces
 28242 | Orc:1    | Bought a phantom mirror for 1280 gold pieces
 28248 | Orc:1    | Gained mutation: You are vulnerable to heat. (rF-) [potion
                  | of mutation]
 28248 | Orc:1    | Gained mutation: You are partially covered in large bone
                  | plates. (SH +4) [potion of mutation]
 28248 | Orc:1    | Gained mutation: Your muscles are strong. (Str +4, Int/Dex
                  | -1) [potion of mutation]
 28248 | Orc:1    | Gained mutation: Your mind is acute. (Int +4, Str/Dex -1)
                  | [potion of mutation]
 28249 | Orc:1    | Lost mutation: Your mind is acute. (Int +4, Str/Dex -1)
                  | [potion of mutation]
 28249 | Orc:1    | Lost mutation: You are partially covered in large bone
                  | plates. (SH +4) [potion of mutation]
 28249 | Orc:1    | Lost mutation: Your muscles are strong. (Str +4, Int/Dex
                  | -1) [potion of mutation]
 28249 | Orc:1    | Gained mutation: Your spells are a little harder to cast,
                  | but a little more powerful. [potion of mutation]
 28249 | Orc:1    | Gained mutation: You are strong-willed. (Will+) [potion of
                  | mutation]
 28249 | Orc:1    | Gained mutation: Your natural rate of healing is unusually
                  | fast. [potion of mutation]
 28250 | Orc:1    | Lost mutation: You are vulnerable to heat. (rF-) [potion of
                  | mutation]
 28250 | Orc:1    | Lost mutation: Your spells are a little harder to cast, but
                  | a little more powerful. [potion of mutation]
 28250 | Orc:1    | Gained mutation: You occasionally shout uncontrollably at
                  | your foes. [potion of mutation]
 28250 | Orc:1    | Gained mutation: You expend magic power (3 MP) to
                  | strengthen your wands. [potion of mutation]
 28250 | Orc:1    | Gained mutation: You have a somewhat thin skeletal
                  | structure. (Dex +2, Stealth+) [potion of mutation]
 28958 | Orc:2    | Entered Level 2 of the Orcish Mines
 29859 | Orc:2    | Found a staircase to the Elven Halls.
 30065 | Orc:2    | Reached XP level 14. HP: 66/66 MP: 7/30
 30555 | Orc:2    | Found Gacy's Antique Armour Shoppe.
 30561 | Orc:2    | Found Vuucsoh's Magic Scroll Shop.
 30571 | Orc:2    | Bought a scroll of fog for 60 gold pieces
 30571 | Orc:2    | Bought a scroll of magic mapping for 112 gold pieces
 30571 | Orc:2    | Bought a scroll of teleportation for 45 gold pieces
 30571 | Orc:2    | Bought a scroll of poison for 60 gold pieces
 30571 | Orc:2    | Bought a scroll of teleportation for 45 gold pieces
 30574 | Orc:2    | Found Sutufyemm's Antique Weapon Shop.
 30576 | Orc:2    | Found Suisecre's Distillery.
 30594 | Orc:2    | Reached skill level 14 in Dodging
 30672 | Orc:2    | Bought a potion of heal wounds for 70 gold pieces
 30672 | Orc:2    | Bought a potion of heal wounds for 70 gold pieces
 30672 | Orc:2    | Bought a potion of invisibility for 112 gold pieces
 30672 | Orc:2    | Bought a potion of curing for 42 gold pieces
 30672 | Orc:2    | Bought a potion of curing for 42 gold pieces
 30672 | Orc:2    | Bought a potion of brilliance for 56 gold pieces
 31389 | D:13     | Found a glowing silver altar of Zin.
 31421 | D:13     | Noticed Lodul
 31423 | D:13     | Killed Lodul
 32417 | D:13     | Learned a level 7 spell: Malign Gateway
 32939 | D:14     | Found Wrulum's Whimsical Warehouse.
 32946 | D:14     | Bought a ring of wizardry for 480 gold pieces
 33014 | D:14     | Mangled by a phantasmal warrior
 33015 | D:14     | Reached XP level 13. HP: -9/63 MP: 20/30
 33179 | Elf:1    | Entered Level 1 of the Elven Halls
 33546 | Swamp:1  | Entered Level 1 of the Swamp
 33949 | Swamp:1  | Succumbed to a swamp dragon's poison gas

Illustrated notes

Levels and vault maps discovered:
D:1:      minmay_arrival_loop, layout_loops_corners, serial_shops,
          nicolae_shop_statue_plus
D:2:      layout_loops_corners, minmay_misc_feat_more_columns
D:3:      layout_loops_corners, serial_shops, shop, uniq_sigmund, uniq_ijyb
D:4:      layout_basic, minmay_temple_entry_nine_rooms, serial_shops,
          shop_fountains, uniq_edmund
D:5:      layout_loops_ring, lemuel_tele_altar, serial_shops,
          nicolae_shop_statue_plus
D:6:      layout_gridville, serial_shops, nicolae_shop_behind_doors, shop,
          nicolae_square_shop, nicolae_shop_waterfront, kennysheep_little_box,
          hangedman_decor_points, uniq_maggie
D:7:      layout_layer_cave
D:8:      layout_loops_ring
D:9:      layout_stronghold
D:10:     layout_loops_cross, marbit_many_paths, gammafunk_ghost_cemetery,
          uniq_grum, uniq_fannar, uniq_gastronok, uniq_harold, uniq_sonja
D:11:     layout_basic, erik_lair_orcish_takeover, minmay_door_square
D:12:     layout_basic, hiddenorc2_lemuel, uniq_josephine
D:13:     layout_irregular_city, nicolae_lava_and_water, zin_academy, uniq_lodul
D:14:     layout_roguey, hangedman_vaults_entry_quadrant_bands,
          nrook_pool_corridor, portal_ice_cave_entry_ugly_swarm,
          gauntlet_entry_generic, grunt_decor_junction, nicolae_alphabet_shops,
          uniq_jorgrun
Temple:   nicolae_temple_slightly_damp_pantheon
Lair:1:   layout_small_grid, uniq_amaemon
Lair:2:   layout_loops_ring, nicolae_spider_entry_orb_guardian,
          grunt_forest_stairs_basic
Lair:3:   layout_regular_city, minmay_swamp_entry_worms,
          infiniplex_staircase_pool_2, lemuel_fruit_tree, grunt_megastairs_2,
          lemuel_fruit_fields, serial_bayou_shore_a, lemuel_fruit_fields
Lair:4:   layout_regular_city, serial_bayou_shore_b, grunt_megastairs_1
Lair:5:   grunt_lair_end_beastmaster, layout_misc_corridors,
          dpeg_slime_entry_enclosed, chequers_serial_rivers_small_3,
          grunt_megastairs_4
Swamp:1:  layout_basic_swamp, nicolae_swamp_godswood, swamp_pool1,
          st_swamp_ruins_3
Orc:1:    nicolae_orc_accident_3, layout_caves, serial_shops, shop,
          mines_bat_river
Orc:2:    st_orc_elflike, layout_caves
Elf:1:    eino_elf_arrival_the_gate, layout_geoelf_diagonals,
          hangedman_elven_crosses_minicolossus, einodemon_barbed_minivault,
          uniq_agnes

Skill      XL: |  1  2  3  4  5  6  7  8  9 10 11 12 13 14 |
---------------+-------------------------------------------+-----
Spellcasting   | 4 5 7 8 9 10 13 12 | 13.3
Summonings     | 5 6 7 8 9 10 11 13 | 13.6
Hexes          | 3 5 8 10 | 10.0
Dodging        | 5 6 7 10 13 14 | 14.2
Fighting       | 2 4 5 7 10 11 | 11.0
Air Magic      | 3 4 6 7 |  7.0
Translocations | 2 6 9 10 11 | 11.8
Stealth        | |  2.6

Action                   |  1- 3 |  4- 6 |  7- 9 | 10-12 | 13-15 || total
-------------------------+-------+-------+-------+-------+-------++-------
Melee: Unarmed           |    12 |     2 |     4 |     4 |     2 ||    24
       Bite              |     1 |       |       |       |     1 ||     2
 Cast: Summon Small Mamm |    48 |    17 |    68 |    42 |     8 ||   183
       Call Imp          |    13 |    14 |    33 |    40 |    75 ||   175
       Call Canine Famil |     4 |    11 |    32 |    49 |    69 ||   165
       Summon Guardian G |       |     3 |     8 |    30 |    28 ||    69
       Summon Lightning  |       |       |     9 |    37 |    43 ||    89
       Summon Mana Viper |       |       |       |    48 |    78 ||   126
       Summon Forest     |       |       |       |     4 |    32 ||    36
       Summon Cactus Gia |       |       |       |       |    65 ||    65
       Malign Gateway    |       |       |       |       |     2 ||     2
Invok: Call Merchant     |       |       |       |       |     1 ||     1
Evoke: Wand              |       |       |       |     4 |     1 ||     5
  Use: Scroll            |       |     5 |     9 |     8 |     7 ||    29
       Potion            |       |       |       |     3 |     4 ||     7
 Stab: Betrayed ally     |       |       |     1 |       |       ||     1
Armor: Skin              |     9 |       |     3 |     6 |    10 ||    28
Dodge: Dodged            |    53 |    22 |    76 |   191 |   326 ||   668

Table legend: (Time is in decaauts)
 A = Elapsed time spent in this place.
 B = Non-inter-level travel time spent in this place.
 C = Inter-level travel time spent in this place.
 D = Time resting spent in this place.
 E = Time spent auto-exploring this place.
 F = Levels seen in this place.
 G = Mean time per level.
                   A        B        C        D        E       F      G
               +--------+--------+--------+--------+--------+-----+--------+
         Total |  30229 |  27877 |   2352 |    215 |  21676 |  24 | 1259.5 |
       Dungeon |  18152 |  16512 |   1640 |    215 |  12646 |  14 | 1296.6 |
        Temple |    162 |    133 |     29 |      0 |    115 |   1 |  162.0 |
          Lair |   8167 |   7738 |    429 |      0 |   6138 |   5 | 1633.4 |
         Swamp |    392 |    392 |      0 |      0 |    289 |   1 |  392.0 |
  Orcish Mines |   3343 |   3092 |    251 |      0 |   2486 |   2 | 1671.5 |
   Elven Halls |     10 |     10 |      0 |      0 |      0 |   1 |   10.0 |
               +--------+--------+--------+--------+--------+-----+--------+

Top non-repeatable levels by time:
  Lair:5: 2209 daAuts
     D:9: 2055 daAuts
   Orc:2: 2014 daAuts
    D:10: 1746 daAuts
     D:4: 1653 daAuts
    D:12: 1649 daAuts
  Lair:3: 1605 daAuts
  Lair:1: 1600 daAuts
  Lair:2: 1531 daAuts
    D:13: 1451 daAuts
     D:8: 1421 daAuts
   Orc:1: 1328 daAuts
     D:7: 1325 daAuts
  Lair:4: 1221 daAuts
     D:2: 1189 daAuts
